 Dungeon Crawl Stone Soup version 0.18.1-48-g4cf74bf (webtiles) character file.

28 Lennu the Vexing (level 3, 0/39 HPs)
             Began as a Formicid Arcane Marksman on June 28, 2016.
             Succumbed to Crazy Yiuf's poison
             ... on level 1 of the Abyss.
             The game lasted 00:05:00 (953 turns).

Lennu the Vexing (Formicid Arcane Marksman)          Turns: 953, Time: 00:05:01

Health: 0/39       AC: 21    Str: 16    XL:     3   Next: 30%
Magic:  4/4        EV:  2    Int: 12    God:
Gold:   25         SH:  0    Dex: 10    Spells: 1 memorised, 3 levels left

rFire  . . .     SeeInvis .     k - +2 dagger (freeze)
rCold  . . .     Gourm    .     (armour currently unavailable)
rNeg   + + +     Faith    .     (no shield)
rPois  +         Spirit   .     (helmet unavailable)
rElec  .         Dismiss  .     (cloak currently unavailable)
rCorr  .         Reflect  .     (gloves currently unavailable)
SustAt .         Harm     .     (boots currently unavailable)
MR     .....                    (no amulet)
Stlth  +.........               (no ring)
                                (no ring)

@: lethally poisoned (0 -> -7), tree-form, not resistant to hostile
enchantments, very unstealthy
A: permanent stasis, dig shafts and tunnels, four strong arms, (antennae 0)
a: no special abilities


You were on level 1 of the Abyss.
You were not hungry.
You were a tree.
You visited 1 branch of the dungeon, and saw 2 of its levels.
You visited the Abyss 1 time.

You collected 25 gold pieces.

Inventory:

Hand Weapons
 e - a +0 club
 k - a +2 dagger of freezing (weapon)
Missiles
 c - 5 javelins (quivered)
 d - 2 throwing nets
Armour
 a - a +0 robe
 g - a +0 ring mail (melded)
 m - the cursed +0 ring mail of Wrong Decisions {rC+ rN+ Dex+4, unknown}
   (You found it on level 1 of the Abyss)

   It affects your dexterity (+4).
   It protects you from cold.
   It protects you from negative energy.
   It has a curse placed upon it.
Scrolls
 h - 2 scrolls of remove curse {unknown}
 i - a scroll of blinking {unknown}
Books
 b - a book of Debilitation

   Spells                             Type                      Level
   a - Corona                         Hexes                        1
   b - Slow                           Hexes                        2
   c - Gell's Gravitas                Hexes/Translocation          3
   d - Inner Flame                    Hexes/Fire                   3
   e - Cause Fear                     Hexes                        4
   f - Leda's Liquefaction            Hexes/Earth                  4
Comestibles
 f - 3 bread rations
 j - 3 chunks of flesh


   Skills:
 * Level 1.2 Fighting
 + Level 0.2 Short Blades
 + Level 2.3 Throwing
 * Level 0.2 Armour
 * Level 2.3 Dodging
 + Level 1.2 Spellcasting
 + Level 4.1 Hexes


You had 3 spell levels left.
You knew the following spells:

 Your Spells              Type           Power        Failure   Level  Hunger
a - Corona                Hex            ##.....      8%          1    ##.....


Dungeon Overview and Level Annotations

Branches:
Dungeon (2/15)

Altars:

Annotations:
D:2 Crazy Yiuf


Innate Abilities, Weirdness & Mutations

You are under a permanent stasis effect.
You can dig through walls and to a lower floor.
Your four strong arms can wield two-handed weapons with a shield.
((You have a pair of large antennae on your head (SInv).))


Message History

* * * LOW HITPOINT WARNING * * *
You feel sick.
* * * LOW HITPOINT WARNING * * *
You feel sick.
You see here a pitted ring mail.
m - a pitted ring mail
* * * LOW HITPOINT WARNING * * *
You feel sick.
* * * LOW HITPOINT WARNING * * *
You feel sick.
There is a lethal amount of poison in your body!
It was a potion of lignification.
You turn into a tree.
Your +0 ring mail melds into your body.
Your roots penetrate the ground.
* * * LOW HITPOINT WARNING * * *
You feel sick.
* * * LOW HITPOINT WARNING * * *
You feel sick.
* * * LOW HITPOINT WARNING * * *
You feel sick.
You die...

.# .
...## ##
#.#
...#.##
#....
...
.......#
.....
#..#
##.#
#♣##
##.#
#.## #.#
...
#....
#...##
...##
##..


There were no monsters in sight!

Vanquished Creatures
  A dart slug (D:1)
  5 bats (D:1)
  2 giant cockroaches (D:1)
  5 goblins (D:1)
  2 hobgoblins (D:1)
  A ball python (D:2)
  2 giant newts (D:1)
  3 kobolds (D:1)
  4 rats (D:1)
25 creatures vanquished.

Notes
Turn   | Place    | Note
--------------------------------------------------------------
     0 | D:1      | Lennu the Formicid Arcane Marksman began the quest for the Orb.
     0 | D:1      | Reached XP level 1. HP: 15/15 MP: 2/2
   366 | D:1      | Reached XP level 2. HP: 19/21 MP: 0/3
   601 | D:1      | Reached skill level 4 in Hexes
   616 | D:1      | Reached XP level 3. HP: 19/26 MP: 1/4
   936 | D:2      | Noticed Crazy Yiuf
   943 | D:2      | Cast into level 1 of the Abyss (Crazy Yiuf)
   947 | Abyss:1  | Got a pitted ring mail
   951 | Abyss:1  | HP: 1/39 [poisoned by Crazy Yiuf]
   953 | Abyss:1  | Succumbed to Crazy Yiuf's poison

Skill      XL: |  1  2 |
---------------+-------+-----
Dodging        | 2 |  2.3
Hexes          | 4 |  4.1
Fighting       | |  1.2
Short Blades   | |  0.2
Throwing       | |  2.3
Armour         | |  0.2
Spellcasting   | |  1.2

Action                   || total
-------------------------++-------
Melee: Club              ||    34
       Dagger            ||    40
Throw: Javelin           ||     3
 Cast: Corona            ||    23
  Use: Potion            ||     1
  Eat: Chunk             ||     1
Armor: Robe              ||     8
       Ring mail         ||    15
Dodge: Dodged            ||    54
